 Dungeon Crawl Stone Soup version 0.32-a0-470-g255bbe2f98 (webtiles) character file.

Game seed: 12489233682235591792

5070056 Amplified the Slayer (level 26, 224/224 HPs)
             Began as a Mountain Dwarf Fighter on Feb 24, 2024.
             Was a High Priest of Jiyva.
             Escaped with the Orb
             ... and 5 runes
             ... and 8 gems on Feb 25, 2024!
             The game lasted 02:42:49 (46646 turns).

Amplified the Slayer (Mountain Dwarf Fighter)      Turns: 46646, Time: 02:42:49

Health: 224/224    AC: 25    Str: 28    XL:     26   Next: 91%
Magic:  39/39      EV: 14    Int: 20    God:    Jiyva [*****.]
Gold:   3740       SH: 26    Dex: 12    Spells: 39/67 levels left

rFire   + + +        c - +10 war axe of Prescription {speed, rElec rPois Int+3}
rCold   + + +        R - +0 tower shield {rC+}
rNeg    + + +        U - +2 ring mail of Haunted Fun {rC+ Regen+ Str+2 Dex+2}
rPois   +            t - +2 hat of Responsibility {rElec rN+++ MP-9 Stlth+}
rElec   +            Q - +2 cloak {rF+}
rCorr   +            b - +0 pair of fencer's gloves {Riposte Dex+3}
SInv    +            G - +2 pair of boots {Fly}
Will    ++...        f - amulet of Paranoia {Reflect rPois rCorr Int+3 Dex-2 SH+5}
Stlth   +            m - ring of positive energy
HPRegen 2.81/turn    H - ring of protection from fire
MPRegen 0.98/turn

%: reflection
@: mighty, flying
A: runic magic, artefact enchanting, antennae 1, iridescent scales 2, cold
resistance 1, fire resistance 3, frail 1, poison resistance, eyeballs 3,
translucent skin 1, jelly absorbing missiles
0: Orb of Zot
}: 5/15 runes: decaying, slimy, silver, abyssal, gossamer
a: Renounce Religion, Oozemancy, Slimify


You escaped.
You worshipped Jiyva.
Jiyva was extremely pleased with you.
You visited 12 branches of the dungeon, and saw 56 of its levels.
You visited the Abyss 1 time.
You visited 1 ziggurat, and saw 5 of its levels.
You also visited: Bailey, Ice Cave and Volcano.

You collected 7930 gold pieces.
You spent 4190 gold pieces at shops.

Inventory:

Hand Weapons
 c - the +10 war axe of Prescription (weapon) {speed, rElec rPois Int+3}
   (You found it on level 5 of the Lair of Beasts)

   Int+3:     It affects your intelligence (+3).
   rElec:     It insulates you from electricity.
   rPois:     It protects you from poison
 x - a +2 sacred scourge of holy wrath
 D - the +3 Elemental Staff {ele, rElec rF+ rC+ AC+3}
   (You took it off an occultist on level 3 of the Depths)

   AC+3:      It affects your AC (+3).
   rF+:       It protects you from fire.
   rC+:       It protects you from cold.
   rElec:     It insulates you from electricity.
 I - the +9 morningstar "Awaiq" {drain, Str+4}
   (You found it in a bailey)

   Str+4:     It affects your strength (+4).
 N - a +2 broad axe of freezing
Armour
 b - the +0 pair of fencer's gloves (worn) {Riposte Dex+3}
   (You bought it in a shop on level 1 of the Orcish Mines)

   Riposte:   It allows the wearer to riposte with melee weapons, swiftly
   retaliating against missed or blocked melee attacks.
   Dex+3:     It affects your dexterity (+3).
 d - +4 storm dragon scales {Bai Suzhen}
 t - the +2 hat of Responsibility (worn) {rElec rN+++ MP-9 Stlth+}
   (You found it on level 12 of the Dungeon)

   rElec:     It insulates you from electricity.
   rN+++:     It renders you almost immune to negative energy.
   MP-9:      It affects your magic capacity (-9).
   Stlth+:    It makes you more stealthy.
 u - the +7 ice dragon scales of Eternal Vigilance {rF- rC++ rN+ Regen+ Dex+3 Stlth-}
   (You found it on level 3 of the Elven Halls)

   Dex+3:     It affects your dexterity (+3).
   rF-:       It makes you vulnerable to fire.
   rC++:      It greatly protects you from cold.
   rN+:       It protects you from negative energy.
   Regen+:    It increases your rate of health regeneration.
   Stlth-:    It makes you less stealthy.
 G - a +2 pair of boots of flying (worn)
 Q - a +2 cloak of fire resistance (worn)
 R - a +0 tower shield of cold resistance (worn)
 U - the +2 ring mail of Haunted Fun (worn) {rC+ Regen+ Str+2 Dex+2}
   (You found it on level 1 of the Lair of Beasts)

   Str+2:     It affects your strength (+2).
   Dex+2:     It affects your dexterity (+2).
   rC+:       It protects you from cold.
   Regen+:    It increases your rate of health regeneration.
Magical Staves
 P - the staff "Quofi" {rN+ Dex+5 Summ Necro}
   (You found it on level 5 of the Vaults)

   [staff of death]

   Base accuracy: +5 Base damage: 5 Base attack delay: 1.2 This weapon's minimum
   attack delay (0.6) is reached at skill level 12.
   Dex+5:     It affects your dexterity (+5).
   rN+:       It protects you from negative energy.
   Summ:      It increases the power of your Summonings spells.
   Necro:     It increases the power of your Necromancy spells.
   It falls into the 'Staves' category.
   It is a one-handed weapon.
Jewellery
 f - the amulet of Paranoia (around neck) {Reflect rPois rCorr Int+3 Dex-2 SH+5}
   (You took it off a deep elf sorcerer on level 3 of the Elven Halls)

   [amulet of reflection]

   Reflect:   It reflects blocked missile attacks.
   Int+3:     It affects your intelligence (+3).
   Dex-2:     It affects your dexterity (-2).
   rPois:     It protects you from poison rCorr: It protects you from acid and
   corrosion.
   SH+5:      It affects your SH (+5).
 m - a ring of positive energy (left hand)
 A - the ring of the First Bones {rElec rC+ Will- Dex+2 SInv}
   (You took it off a deep elf annihilator on level 3 of the Elven Halls)

   [ring of see invisible]

   Dex+2:     It affects your dexterity (+2).
   rC+:       It protects you from cold.
   rElec:     It insulates you from electricity.
   Will-:     It decreases your willpower.
   SInv:      It lets you see invisible.
 H - a ring of protection from fire (right hand)
 L - the amulet "Keratemi" {Faith Fly rElec}
   (You took it off a deep elf blademaster on level 3 of the Elven Halls)

   [amulet of faith]

   Faith:     It allows you to gain divine favour quickly.
   rElec:     It insulates you from electricity.
   Fly:       It grants you flight.
Talismans
 n - a dragon-blood talisman
 M - a granite talisman
Wands
 l - a wand of paralysis (8)
 v - a wand of roots (11)
 W - a wand of acid (17)
 Y - a wand of mindburst (21)
Scrolls
 g - 4 scrolls of brand weapon
 j - 2 scrolls of immolation
 k - 2 scrolls of butterflies
 r - 5 scrolls of teleportation
 w - a scroll of blinking
 y - 5 scrolls of amnesia
 z - 3 scrolls of enchant weapon
 E - 3 scrolls of poison
 T - 9 scrolls of fear
 V - a scroll of fog
Potions
 e - 12 potions of mutation
 h - 11 potions of curing
 i - 5 potions of ambrosia
 p - a potion of might
 s - 6 potions of brilliance
 C - 10 potions of heal wounds
 K - a potion of enlightenment
 O - 2 potions of lignification
 S - 2 potions of resistance
Miscellaneous
 a - a phantom mirror
 B - a condenser vane
 X - a lightning rod (4/4)
 Z - a box of beasts


   Skills:
 - Level 22.9 Fighting
 - Level 14.8(16.2) Axes
 - Level 11.1(14.4) Maces & Flails
 - Level 16.3 Armour
 - Level 10.0 Dodging
 - Level 21.1 Shields
 * Level 21.2 Spellcasting
 - Level 19.4 Fire Magic
 * Level 12.5 Air Magic
 - Level 4.8 Alchemy
 - Level 10.5 Evocations


You had 39 spell levels left.
You knew the following spells:

 Your Spells              Type           Power      Damage    Failure   Level
a - Apportation           Tloc           42%        N/A       3%          1
b - Lesser Beckoning      Tloc           42%        N/A       5%          2
c - Ignition              Fire           39%        3d12      8%          8
d - Passwall              Erth           21%        N/A       11%         3
e - Plasma Beam           Fire/Air       35%        2x1d49    1%          6
f - Maxwell's Capacitive  Air            31%        ∞         80%         8

Your spell library contained the following spells:

 Spells                   Type           Power      Damage    Failure   Level
 Shock                    Conj/Air       100%       1d9       1%          1
 Cigotuvi's Dreadful Rot  Necr/Alch/Air  88%        N/A       1%          2
 Mercury Vapours          Alch/Air       100%       N/A       1%          2
 Static Discharge         Conj/Air       92%        3-7/arc   1%          2
 Inner Flame              Hex/Fire       56%        N/A       1%          3
 Mephitic Cloud           Conj/Alch/Air  44%        N/A       1%          3
 Swiftness                Air            63%        N/A       1%          3
 Volatile Blastmotes      Fire/Tloc      100%       2d18      1%          3
 Ignite Poison            Fire/Alch      63%        N/A       1%          4
 Summon Blazeheart Golem  Fire/Summ      56%        N/A       1%          4
 Freeze                   Ice            84%        1d9       3%          1
 Kiss of Death            Conj/Necr      84%        2d11      3%          1
 Magic Dart               Conj           84%        1d7       3%          1
 Sandblast                Erth           42%        2d11      3%          1
 Slow                     Hex            84%        N/A       3%          1
 Summon Small Mammal      Summ           84%        N/A       3%          1
 Olgreb's Toxic Radiance  Alch           40%        N/A       4%          4
 Call Imp                 Summ           42%        N/A       5%          2
 Ensorcelled Hibernation  Hex/Ice        42%        N/A       5%          2
 Jinxbite                 Hex            42%        N/A       5%          2
 Searing Ray              Conj           42%        2d6       5%          2
 Sublimation of Blood     Necr           21%        N/A       5%          2
 Silence                  Hex/Air        23%        N/A       8%          5
 Starburst                Conj/Fire      28%        6d9       10%         6
 Call Canine Familiar     Summ           21%        N/A       11%         3
 Confusing Touch          Hex            21%        N/A       11%         3
 Dazzling Flash           Conj/Hex       42%        N/A       11%         3
 Frozen Ramparts          Ice            42%        1d7       11%         3
 Fugue of the Fallen      Necr           21%        N/A       11%         3
 Gell's Gravitas          Tloc           21%        N/A       11%         3
 Ozocubu's Armour         Ice            21%        N/A       11%         3
 Summon Ice Beast         Ice/Summ       21%        N/A       11%         3
 Teleport Other           Tloc           21%        N/A       11%         3
 Tukima's Dance           Hex            21%        N/A       11%         3
 Fulminant Prism          Conj/Alch      15%        3d10      13%         4
 Leda's Liquefaction      Alch/Erth      15%        N/A       13%         4
 Alistair's Intoxication  Alch           26%        N/A       13%         5
 Freezing Cloud           Conj/Ice/Air   18%        6-21      17%         5
 Anguish                  Hex/Necr       10%        N/A       34%         4
 Animate Armour           Summ/Erth      42%        N/A       34%         4
 Animate Dead             Necr           21%        N/A       34%         4
 Dispel Undead            Necr           21%        3d11      34%         4
 Iskenderun's Mystic Bla  Conj/Tloc      21%        2d6       34%         4
 Manifold Assault         Tloc           21%        N/A       34%         4
 Passage of Golubria      Tloc           21%        N/A       34%         4
 Irradiate                Conj/Alch      15%        3d16      34%         5
 Conjure Ball Lightning   Conj/Air       23%        3x3d6     38%         6
 Eringya's Noxious Bog    Alch           20%        4d6       56%         6
 Borgnjor's Vile Clutch   Necr/Erth      10%        N/A       67%         5
 Curse of Agony           Necr           21%        N/A       67%         5
 Lee's Rapid Deconstruct  Erth           10%        3d8*      67%         5
 Metabolic Englaciation   Hex/Ice        10%        N/A       67%         5
 Summon Forest            Summ/Tloc      10%        N/A       67%         5
 Sculpt Simulacrum        Ice/Alch       15%        N/A       89%         6
 Bombard                  Conj/Erth      10%        9d3       99%         6
 Death Channel            Necr           10%        N/A       99%         6
 Dispersal                Tloc           10%        N/A       99%         6
 Summon Cactus Giant      Summ           10%        N/A       99%         6
 Malign Gateway           Summ/Tloc      10%        N/A       100%        7
 Ozocubu's Refrigeration  Ice            10%        4d9       100%        7
 Summon Hydra             Summ           10%        N/A       100%        7
 Discord                  Hex            10%        N/A       100%        8
 Disjunction              Tloc           10%        N/A       100%        8
 Lehudib's Crystal Spear  Conj/Erth      10%        10d4      100%        8
 Fire Storm               Conj/Fire      28%        8d7       100%        9
 Polar Vortex             Ice            10%        12d1*     100%        9
 Shatter                  Erth           10%        3d12*     100%        9


Dungeon Overview and Level Annotations

Branches:
Dungeon (15/15)            Temple (1/1) D:7            Lair (5/5) D:9
  Swamp (4/4) Lair:3       Spider (4/4) Lair:3        Slime (5/5) Lair:4
    Orc (2/2) D:12            Elf (3/3) Orc:2        Vaults (5/5) D:13
  Crypt (3/3) Vaults:3       Tomb (0/3) Crypt:3      Depths (4/4) D:15
    Zot (5/5) Depths:4     Bailey (visited)           IceCv (visited)
Volcano (visited)

Altars:
Ashenzari
Cheibriados
Elyvilon
Fedhas
Gozag
Hepliaklqana
Kikubaaqudgha
Makhleb
Nemelex Xobeh
Okawaru
Qazlal
Ru
Sif Muna
Trog
Uskayaw
Vehumet
Wu Jian
Xom
Yredelemnul
The Shining One
Beogh
Jiyva

Shops:
D:2 :   Orc:1 [   Orc:2 =([:   Elf:1 :   Elf:2 [   Depths:1 (   Depths:2 *

Portals:
Hell: Depths:1 Depths:2 Depths:3 Depths:4
Abyss: Depths:1 Depths:3 Depths:4
Pandemonium: Depths:1 Depths:2 Depths:3

Annotations:
D:9 Pikel
Slime:5 Royal Jelly
Orc:1 Erica
Zot:5 2 transporters


Innate Abilities, Weirdness & Mutations

Your spellcasting is much less encumbered by armour.
You can use scrolls of enchantment on lesser artefacts.
You have a pair of small antennae on your head.
You are mostly covered in iridescent scales. (AC +4)
Your flesh is cold resistant. (rC+)
Your flesh is almost immune to the effects of heat. (rF+++)
You are frail. (-10% HP)
Your system is resistant to poisons. (rPois)
Your body is covered in eyes which may confuse attackers. (Acc +7, SInv)
Your translucent skin slightly reduces your foes' accuracy. (Stealth+)
You have a small jelly attached to you that may absorb projectiles.


Message History

Unknown command.
Unknown command.
You hit Xeloyf but do no damage.
Xeloyf is severely wounded.
You slash the lorocyproca!
Unknown command.
Unknown command.
Unknown command.
You slice Xeloyf!!
Xeloyf is almost dead.
You slash the lorocyproca! You slice the small abomination!! Xeloyf hits you!!
You block the small abomination's attack.
The lorocyproca barely misses you.
You riposte.
You slash the lorocyproca!
The lorocyproca is heavily wounded.
You hit Xeloyf but do no damage. You slash the demonic crawler!
You slice the small abomination!!
You destroy the small abomination!
Unknown command.
You slice Xeloyf!!
You kill Xeloyf!
The lorocyproca disappears in a puff of smoke!
You slice the demonic crawler!!
Unknown command.
The demonic crawler hits itself!
The demonic crawler hits itself but does no damage.
The demonic crawler barely misses itself.
Unknown command.
You block the demonic crawler's attack.
You riposte.
You slash the demonic crawler!
The demonic crawler is heavily wounded.
The demonic crawler closely misses you. You block the demonic crawler's attack.
You riposte.
You slash the demonic crawler!
The demonic crawler is severely wounded.
You see here a bat skeleton.
You slice the demonic crawler!!
You kill the demonic crawler!
No target in view!
You feel less slimy.
There is a staircase leading out of the dungeon here.
You have escaped!

#.#.>#.####.# #.# #.# ##.##.#
#...........# #.# #####.###...#.#
###..#.########.# #.............#
#..#..........# #.#...#.......#
#..##########.###.#.#.........#
#..# #.................# ####
#######...........#
################## #.....#.....#
...##...##.#..#.@# #.....####..#
.#....##.#..##..## ###.### #..#
#...##...#.#.##..# #.######..#
.#....##.###.#...# #.#.......)
.#...#..#...#.#### #.#.####..#
#..#...#.######.#######.#.# #..#
..##..#.##.#...#.##.....#.####..#
......##.##..###.########.##.....
....#..#.#.###..## #.##.....


There were no monsters in sight!

Vanquished Creatures
  4 dread liches
  4 ancient liches
  Mennas (Vaults:4)
  2 juggernauts (Depths:4)
  The ghost of Anuegiwi the Hoplite, a veteran AtFi of Ashenzari (Zot:3)
  Bai Suzhen (Vaults:4)
  9 Killer Klowns
  Saint Roka (Orc:2)
  4 shard shrikes (Depths:3)
  8 golden dragons
  Jory (Vaults:4)
  A bone dragon (Crypt:3)
  A profane servitor (Crypt:3)
  A Tzitzimitl (D:1)
  A pandemonium lord (D:1)
  A hellephant (Depths:3)
  Jorgrun (Orc:2)
  2 iron giants (Depths:3)
  2 electric golems
  25 Orb Guardians
  5 liches
  17 tentacled monstrosities
  3 titans
  3 deep elf master archers
  7 quicksilver dragons
  6 sphinxes
  Asterion (Spider:1)
  4 deep elf blademasters
  A searing wretch (Depths:4)
  13 death cobs
  11 ancient champions
  6 tengu reavers
  A thorn hunter (Swamp:1)
  2 tentacled starspawn
  2 revenants
  Roxanne (D:14)
  11 shadow dragons
  11 storm dragons
  3 iron dragons
  4 fenstrider witches
  An occultist (Depths:3)
  3 protean progenitors
  4 draconian knights
  16 fire giants
  Donald (Elf:1)
  6 draconian monks
  3 emperor scorpions
  14 deep elf sorcerers
  12 vault wardens
  4 draconian shifters
  4 ghost moths
  2 balrugs
  12 frost giants
  4 caustic shrike zombies (Zot:1)
  6 deep elf elementalists
  2 reapers
  3 curse skulls
  2 draconian scorchers (Zot:1)
  26 stone giants
  16 ironbound preservers
  3 orc warlords
  2 angels
  12 ghouls
  2 draconian stormcallers
  A broodmother (Spider:2)
  5 draconian annihilators
  3 spriggan defenders
  An ophan (Abyss:4)
  24 very ugly things
  5 ironbound thunderhulks
  3 vampire knights
  4 deep elf demonologists
  15 deep elf death magi
  9 green draconians
  2 eleionomae
  15 spark wasps
  13 deep elf annihilators
  10 dire elephants
  12 war gargoyles
  3 bunyips
  A wendigo (Depths:2)
  A halazid warlock (Zot:1)
  2 lorocyprocas (Zot:1)
  5 red draconians
  8 yellow draconians
  11 purple draconians
  12 black draconians
  15 white draconians
  11 ettins
  3 eidola
  3 mummy priests
  11 deep elf high priests
  2 green deaths
  8 fire dragons
  3 blizzard demons (Depths:2)
  4 crystal guardians (Zot:1)
  A quicksilver dragon zombie (Crypt:1)
  8 entropy weavers
  8 jiangshi
  12 yaktaur captains
  18 hydras
  Fannar (Orc:1)
  24 vault guards
  7 alligators
  3 ghost crabs
  2 catoblepae
  A hell beast (Depths:2)
  A quicksilver dragon skeleton (Crypt:3)
  10 ironbound frosthearts
  3 ogre magi
  8 spriggan air magi
  15 ice dragons
  4 peacekeepers
  10 centaur warriors
  3 spriggan skeletons
  7 boulder beetles
  34 dancing weapons
  9 radroaches
  3 jorogumos
  7 two-headed ogres
  3 death scarabs
  8 deep troll shamans
  5 death yaks (Lair:4)
  17 demonic crawlers
  4 deep troll earth magi
  4 vampire magi
  11 hell knights
  6 spriggan berserkers
  12 tengu warriors
  19 deep elf knights
  6 thrashing horrors (Abyss:4)
  4 soul eaters
  4 sun demons
  6 pharaoh ants
  A salamander mystic (Depths:3)
  10 iron trolls
  2 bunyip zombies
  A sixfirhy (Depths:1)
  23 deep trolls
  4 goliath frogs
  18 skeletal warriors
  2 spriggan druids
  4 shadow wraiths
  A large abomination (Abyss:2)
  2 swamp dragons
  An anaconda zombie (Crypt:1)
  5 flayed ghosts
  5 sun moths (Spider:4)
  10 bog bodies
  A quicksilver dragon simulacrum (Depths:2)
  3 arcanists
  A mana viper (shapeshifter) (Depths:4)
  9 steelbarb worms
  An orc knight (Vaults:2)
  2 shadow demons (Depths:2)
  2 bunyip skeletons
  20 deep elf archers
  9 necromancers
  5 phantasmal warriors
  5 orb spiders (Spider:4)
  A golden dragon skeleton (Zig:5)
  4 lindwurms
  30 deep elf pyromancers
  30 deep elf zephyrmancers
  An obsidian statue (Zot:5)
  15 ironbound convokers
  A goliath frog zombie (Crypt:3)
  5 orc sorcerers (Orc:2)
  The ghost of Morbidden the Sneak, a novice VSBr (D:6)
  28 ugly things
  A shadow dragon skeleton (Depths:2)
  28 wolf spiders
  12 cyclopes
  6 will-o-the-wisps
  Maurice (Orc:1)
  5 elephants (Lair:5)
  35 moths of wrath
  4 salamanders
  A tengu skeleton (Zig:5)
  2 manticores
  2 ice statues (IceCv)
  A meliai (shapeshifter) (D:13)
  6 meliai (Spider:4)
  5 kobold blastminers (Orc:2)
  A stone giant skeleton (Crypt:1)
  2 guardian serpents (Zot:1)
  16 vault sentinels
  4 black mambas
  A dire elephant zombie (Crypt:3)
  4 gargoyles
  An iron dragon skeleton (Crypt:3)
  3 smoke demons
  12 cane toads
  5 torpor snails
  A sea snake zombie (Crypt:2)
  A dire elephant skeleton (Crypt:1)
  3 rime drakes
  A minotaur zombie (Crypt:2)
  A death yak zombie (Crypt:1)
  2 kobold demonologists (D:9)
  A tengu conjurer (Depths:4)
  2 tormentors
  11 freezing wraiths
  7 ice devils
  2 hellions
  15 yaktaurs
  13 komodo dragons
  12 guardian mummies
  2 ancient zymes
  An anaconda simulacrum (IceCv)
  A red devil (Spider:3)
  5 polar bears
  A sun moth zombie (Crypt:2)
  7 trolls
  4 hellwings (D:12)
  31 tarantellas
  A hydra skeleton (Crypt:1)
  A troll (shapeshifter) (Elf:3)
  7 tyrant leeches
  A harpy skeleton (Crypt:1)
  12 hornets
  2 raiju (Abyss:4)
  10 blink frogs
  A dream sheep (Lair:5)
  2 ettin zombies
  An iron dragon simulacrum (Crypt:3)
  A boulder beetle zombie (Crypt:1)
  A raiju (shapeshifter) (D:13)
  2 air elementals
  A human simulacrum (Vaults:3)
  20 culicivoras
  5 vampires
  28 jumping spiders
  A satyr skeleton (Crypt:3)
  19 spriggans
  A shadow (D:13)
  8 wraiths
  A wyvern (D:10)
  3 fire elementals
  4 water elementals
  2 ushabtiu
  24 yaks
  2 steam dragons
  5 ynoxinuls
  A hog (D:7)
  6 basilisks
  16 vampire mosquitoes
  4 swamp worm simulacra (Swamp:4)
  3 death yak simulacra (IceCv)
  A deep troll zombie (Crypt:2)
  5 wargs
  54 redbacks
  A neqoxec (Abyss:2)
  A naga zombie (Crypt:1)
  20 swamp worms
  5 acid dragons
  17 water moccasins
  17 hydra simulacra
  A demonspawn zombie (Crypt:1)
  6 swamp drakes
  Duvessa (D:5)
  A naga skeleton (Crypt:1)
  A glowing shapeshifter skeleton (Depths:2)
  37 orc warriors
  10 black bears
  38 laughing skulls
  23 wolves
  2 ice beasts
  3 small abominations
  3 ogres
  5 boggarts
  An elephant skeleton (Crypt:1)
  11 centaurs
  2 phantoms
  6 kobold brigands
  11 bullfrogs
  A brain worm (Abyss:4)
  2 gnoll sergeants
  3 earth elementals
  A scorpion (D:5)
  A komodo dragon skeleton (Crypt:2)
  2 two-headed ogre simulacra (IceCv)
  A cane toad simulacrum (IceCv)
  2 cyclops skeletons
  7 killer bees
  A yak zombie (Crypt:3)
  Dowan (D:5)
  An elephant simulacrum (IceCv)
  A howler monkey (D:9)
  A bombardier beetle (D:4)
  A crimson imp (D:8)
  A hound (D:6)
  5 jellies
  17 orc priests
  A gnoll bouda (D:6)
  A black bear skeleton (Crypt:3)
  3 centaur skeletons (Crypt:1)
  Ijyb (D:5)
  7 iguanas
  16 orc wizards
  2 spriggan simulacra (IceCv)
  3 troll simulacra (IceCv)
  2 polar bear simulacra (IceCv)
  A scorpion zombie (Crypt:2)
  A boggart skeleton (Crypt:3)
  A crocodile zombie (Crypt:1)
  11 mummies
  Robin (D:3)
  18 gnolls
  2 adders
  2 naga simulacra (IceCv)
  2 shadow imps
  5 white imps
  4 ufetubi
  3 swamp drake simulacra (Swamp:4)
  A jelly zombie (Crypt:2)
  A dart slug (D:4)
  A ribbon worm (D:4)
  64 orcs
  3 ball pythons
  2 bats (D:1)
  15 endoplasms (D:1)
  3 giant cockroaches
  19 goblins
  9 hobgoblins
  7 jackals
  2 quokkas (D:1)
  5 frilled lizards
  2 gnoll skeletons
  30 kobolds
  A kobold zombie (Crypt:3)
  4 rats
  An aspiring flesh (Zot:1)
  3 butterflies (Zot:1)
  A lurking horror (Abyss:2)
  2 spectral weapons
  4 starspawn tentacles
2216 creatures vanquished.

Vanquished Creatures (collateral kills)
  A curse toe (Zot:1)
  A steelbarb worm (Spider:3)
  A lindwurm (Vaults:3)
  An anaconda skeleton (Crypt:3)
  A moth of wrath (Zot:1)
  A vault sentinel (Zig:4)
  A kobold blastminer (Orc:2)
  A naga zombie (Crypt:3)
  A tyrant leech (Swamp:3)
  A hornet (Depths:3)
  A wraith (Vaults:3)
  A warg (Orc:2)
  3 orc warriors (Orc:2)
  2 orcs (Orc:2)
17 creatures vanquished.

Vanquished Creatures (others)
  An acid blob (Depths:4)
  A tentacled starspawn (Zot:1)
  A fire giant (Depths:3)
  A ghost moth (Zot:1)
  4 quicksilver oozes (Zot:1)
  An ironbound preserver (Vaults:5)
  4 great orbs of eyes
  A lorocyproca (Zot:1)
  2 deep elf annihilators (Elf:3)
  A yaktaur captain (Vaults:1)
  Josephine (Orc:1)
  A deep elf high priest (Elf:3)
  A two-headed ogre (D:12)
  A skyshark (shapeshifter) (Zot:1)
  A deep elf knight (Elf:3)
  A glowing orange brain (shapeshifter) (Vaults:5)
  A deep troll (shapeshifter) (Vaults:5)
  3 glowing orange brains
  An arcanist (Vaults:3)
  A deep elf zephyrmancer (Elf:3)
  An ironbound convoker (Vaults:4)
  A lindwurm (shapeshifter) (Zot:1)
  2 deep elf pyromancers (Elf:2)
  2 orc sorcerers
  A will-o-the-wisp (Swamp:4)
  A shining eye (shapeshifter) (Depths:2)
  A salamander (shapeshifter) (Zot:1)
  A cyclops (D:12)
  A moth of wrath (Zot:2)
  2 vault sentinels (Vaults:2)
  An apocalypse crab (Zot:1)
  A guardian serpent (Zot:1)
  An unseen horror (shapeshifter) (Elf:2)
  A tengu conjurer (Depths:2)
  A freezing wraith (D:15)
  A golden dragon simulacrum (Depths:2)
  2 yaktaurs (Vaults:1)
  2 bloated husks
  A tengu simulacrum (Depths:2)
  16 slime creatures
  An iron dragon simulacrum (Depths:2)
  An air elemental (Elf:3)
  A basilisk (Lair:2)
  A wraith (Orc:1)
  A yak (Lair:2)
  A water moccasin (Lair:1)
  A swamp drake (Swamp:3)
  A black bear (Lair:5)
  2 ogres
  A boggart (Lair:5)
  A centaur (D:9)
  5 bullfrogs
  A howler monkey (D:7)
  2 hounds (D:5)
  A bombardier beetle (D:5)
  235 jellies
  An orc priest (Orc:2)
  An iguana (D:7)
  2 orc wizards
  A gnoll (D:3)
  2 adders
  3 white imps
  A swamp drake simulacrum (Swamp:4)
  An ufetubus (IceCv)
  2 ribbon worms
  10 orcs
  An endoplasm (D:2)
  A goblin (D:3)
  2 hobgoblins
  A jackal (D:2)
  10 kobolds
  A rat (D:2)
  24 foxfires
  5 starspawn tentacles
394 creatures vanquished.

Grand Total: 2627 creatures vanquished

Notes
Turn   | Place    | Note
-------+----------+-------------------------------------------
     0 | D:1      | Amplified the Mountain Dwarf Fighter began the quest for
                  | the Orb.
     0 | D:1      | Reached XP level 1. HP: 19/19 MP: 1/1
    78 | D:1      | Found a large runed translucent door.
    78 | D:1      | Found a large runed translucent door.
    80 | D:1      | Found a viscous altar of Jiyva.
    80 | D:1      | Noticed a jelly
    80 | D:1      | Noticed a jelly
    80 | D:1      | Noticed a jelly
   182 | D:1      | Reached XP level 2. HP: 26/26 MP: 2/2
   564 | D:1      | Reached XP level 3. HP: 30/33 MP: 3/3
   958 | D:1      | Reached skill level 4 in Fighting
   958 | D:1      | Reached skill level 1 in Axes
   958 | D:1      | Reached XP level 4. HP: 39/40 MP: 4/4
   978 | D:1      | Reached XP level 5. HP: 33/47 MP: 5/5
   996 | D:1      | Became a worshipper of Jiyva Jeufui the Shapeless
  1224 | D:2      | Found Eweukoj's Vocational Training.
  1413 | D:3      | Reached * piety under Jiyva
  1509 | D:3      | Noticed Robin
  1518 | D:3      | Killed Robin
  1598 | D:3      | Found a glowing golden altar of the Shining One.
  1637 | D:3      | Found an opulent altar of Gozag.
  1683 | D:3      | Found a white marble altar of Elyvilon.
  1739 | D:3      | Found an iron altar of Okawaru.
  1823 | D:3      | Reached ** piety under Jiyva
  2371 | D:4      | Reached XP level 6. HP: 55/55 MP: 6/6
  2466 | D:5      | Entered Level 5 of the Dungeon
  2466 | D:5      | Noticed Duvessa
  2466 | D:5      | Noticed Dowan
  2504 | D:5      | Reached skill level 5 in Fighting
  2523 | D:5      | Noticed Ijyb
  2534 | D:5      | Killed Ijyb
  2535 | D:5      | Reached skill level 5 in Shields
  2683 | D:5      | Killed Duvessa
  2683 | D:5      | Killed Dowan
  2684 | D:5      | Reached XP level 7. HP: 58/62 MP: 7/7
  2781 | D:5      | Reached skill level 1 in Dodging
  2811 | D:5      | Reached skill level 6 in Fighting
  2867 | D:5      | Found a shimmering altar of Xom.
  2880 | D:5      | Reached skill level 5 in Axes
  2945 | D:6      | Reached *** piety under Jiyva
  2964 | D:6      | Reached skill level 5 in Armour
  3280 | D:6      | Reached XP level 8. HP: 68/71 MP: 8/8
  3326 | D:6      | Gained mutation: You have a pair of small horns on your
                  | head. [Jiyva's grace]
  3326 | D:6      | Gained mutation: You have a pair of horns on your head.
                  | [Jiyva's grace]
  3326 | D:6      | Gained mutation: You have a pair of large horns on your
                  | head. [Jiyva's grace]
  3326 | D:6      | Gained mutation: You have a small jelly attached to you
                  | that senses nearby items. [Jiyva's grace]
  3418 | D:6      | Found a transporter.
  3422 | D:6      | Noticed Morbidden's ghost (novice VSBr)
  3422 | D:6      | Noticed a two-headed ogre
  3428 | D:6      | Found a transporter.
  3532 | D:6      | Reached **** piety under Jiyva
  4174 | D:7      | Found a staircase to the Ecumenical Temple.
  4193 | Temple   | Entered the Ecumenical Temple
  4200 | D:7      | Reached skill level 7 in Fighting
  4483 | D:7      | Noticed Joseph
  4490 | D:7      | Joseph changed into Joseph the hog
  4490 | D:7      | Noticed Joseph
  4493 | D:7      | Killed Joseph the hog
  4651 | D:8      | Reached skill level 8 in Fighting
  4654 | D:8      | Reached XP level 9. HP: 81/81 MP: 9/9
  4701 | D:8      | Gained mutation: Your rubbery body absorbs attacks. (AC +1,
                  | EV +1) [Jiyva's grace]
  4701 | D:8      | Gained mutation: Your pliable body absorbs attacks. (AC +2,
                  | EV +2) [Jiyva's grace]
  4701 | D:8      | Gained mutation: Your gelatinous body deflects attacks. (AC
                  | +3, EV +3) [Jiyva's grace]
  4701 | D:8      | Gained mutation: You have acidic saliva. [Jiyva's grace]
  4972 | D:8      | Noticed an eight-headed hydra
  4980 | D:8      | Killed a four-headed hydra
  5267 | D:8      | Reached skill level 9 in Fighting
  5400 | D:8      | Found a radiant altar of Vehumet.
  5400 | D:8      | Found a burning altar of Makhleb.
  5621 | D:9      | Noticed a troll
  5627 | D:9      | Killed a troll
  5659 | D:9      | Noticed Pikel
  5812 | D:9      | Noticed a kobold demonologist
  5816 | D:9      | Killed a kobold demonologist
  5833 | D:9      | Noticed a kobold demonologist
  5842 | D:9      | Killed a kobold demonologist
  5843 | D:9      | Reached XP level 10. HP: 93/93 MP: 10/10
  5962 | D:9      | Found a shimmering blue altar of Sif Muna.
  5997 | D:9      | Found a staircase to the Lair.
  6126 | D:9      | Noticed a two-headed ogre
  6130 | D:9      | Killed a two-headed ogre
  6131 | D:9      | Reached skill level 10 in Fighting
  6131 | D:9      | Reached skill level 10 in Axes
  6237 | D:10     | Entered Level 10 of the Dungeon
  6297 | D:10     | Noticed a gargoyle
  6313 | D:10     | Noticed a cyclops
  6331 | D:10     | Killed a cyclops
  6399 | D:10     | Found a flagged portal.
  6509 | Bailey   | Entered a bailey
  6596 | Bailey   | Identified the +6 morningstar "Awaiq" {drain, Str+4}
  6822 | D:10     | Killed a gargoyle
  6823 | D:10     | Reached skill level 11 in Fighting
  6898 | D:10     | Noticed a two-headed ogre
  6906 | D:10     | Killed a two-headed ogre
  6935 | D:10     | Lost mutation: You have a pair of large horns on your head.
                  | [Jiyva's grace]
  6935 | D:10     | Gained mutation: You are covered in slimy tendrils that may
                  | disarm your opponents. [Jiyva's grace]
  6935 | D:10     | Gained mutation: You have a small jelly attached to you
                  | that may absorb projectiles. [Jiyva's grace]
  6935 | D:10     | Gained mutation: You are covered in fur. (AC +1) [Jiyva's
                  | grace]
  6935 | D:10     | Gained mutation: You are covered in thick fur. (AC +2)
                  | [Jiyva's grace]
  7091 | D:11     | Noticed a two-headed ogre
  7100 | D:11     | Killed a two-headed ogre
  7101 | D:11     | Reached skill level 5 in Maces & Flails
  7101 | D:11     | Reached XP level 11. HP: 66/102 MP: 11/11
  7279 | D:11     | Learned a level 1 spell: Apportation
  7655 | D:11     | Reached ***** piety under Jiyva
  7872 | D:12     | Killed a two-headed ogre
  7894 | D:12     | Noticed a cyan ugly thing
  7899 | D:12     | Killed a cyan ugly thing
  7942 | D:12     | Noticed a purple ugly thing
  7963 | D:12     | Reached skill level 5 in Dodging
  7983 | D:12     | Killed a purple ugly thing
  7984 | D:12     | Reached skill level 12 in Fighting
  8005 | D:12     | Noticed a two-headed ogre
  8010 | D:12     | Killed a two-headed ogre
  8307 | D:12     | Noticed a white ugly thing
  8313 | D:12     | Killed a white ugly thing
  8356 | D:12     | Identified the +2 hat of Responsibility {rElec rN+++ MP-9
                  | Stlth+}
  8365 | D:12     | Found a staircase to the Orcish Mines.
  8449 | Orc:1    | Entered Level 1 of the Orcish Mines
  8449 | Orc:1    | Noticed Erica
  8449 | Orc:1    | Lost mutation: You have a pair of horns on your head.
                  | [Jiyva's grace]
  8449 | Orc:1    | Lost mutation: You have a pair of small horns on your head.
                  | [Jiyva's grace]
  8449 | Orc:1    | Lost mutation: You are covered in thick fur. (AC +2)
                  | [Jiyva's grace]
  8449 | Orc:1    | Lost mutation: You are covered in fur. (AC +1) [Jiyva's
                  | grace]
  8449 | Orc:1    | Lost mutation: You have a small jelly attached to you that
                  | may absorb projectiles. [Jiyva's grace]
  8449 | Orc:1    | Gained mutation: Your translucent skin slightly reduces
                  | your foes' accuracy. (Stealth+) [Jiyva's grace]
  8449 | Orc:1    | Gained mutation: Your translucent skin reduces your foes'
                  | accuracy. (Stealth+) [Jiyva's grace]
  8449 | Orc:1    | Gained mutation: Your transparent skin significantly
                  | reduces your foes' accuracy. (Stealth+) [Jiyva's grace]
  8449 | Orc:1    | Gained mutation: You have a small jelly attached to you
                  | that may absorb projectiles. [Jiyva's grace]
  8451 | Orc:1    | Erica changed into Erica the glowing orange brain
  8451 | Orc:1    | Noticed Erica
  8451 | Orc:1    | Noticed Fannar
  8467 | Orc:1    | Noticed Josephine
  8582 | Lair:1   | Entered Level 1 of the Lair of Beasts
  8588 | Lair:1   | Reached skill level 1 in Spellcasting
  8632 | Lair:1   | Noticed a boulder beetle
  8682 | Lair:1   | Killed a boulder beetle
  8851 | Lair:3   | Reached XP level 12. HP: 113/113 MP: 9/18
  8885 | Lair:3   | Found a staircase to the Swamp.
  8885 | Lair:3   | Noticed an alligator
  8954 | Lair:3   | Reached skill level 5 in Spellcasting
  8955 | Lair:3   | Noticed an eight-headed hydra
  9062 | Lair:3   | Found a hole to the Spider Nest.
  9264 | Lair:4   | Noticed a five-headed hydra
  9273 | Lair:4   | Killed a five-headed hydra
  9282 | Lair:4   | Found a viscous altar of Jiyva.
  9284 | Lair:4   | Found a staircase to the Slime Pits.
  9287 | Lair:4   | Noticed an eight-headed hydra
  9299 | Lair:4   | Killed an eight-headed hydra
  9338 | Lair:4   | Gained mutation: You have a pair of small horns on your
                  | head. [Jiyva's grace]
  9338 | Lair:4   | Gained mutation: You have a pair of horns on your head.
                  | [Jiyva's grace]
  9338 | Lair:4   | Gained mutation: You have a pair of large horns on your
                  | head. [Jiyva's grace]
  9338 | Lair:4   | Gained mutation: Your body has grown eyes which may confuse
                  | attackers. (Acc +3) [Jiyva's grace]
  9359 | Lair:4   | Noticed a death yak
  9359 | Lair:4   | Noticed a death yak
  9360 | Lair:4   | Noticed a death yak
  9360 | Lair:4   | Noticed a death yak
  9360 | Lair:4   | Noticed a death yak
  9384 | Lair:4   | Killed a death yak
  9385 | Lair:4   | Killed a death yak
  9388 | Lair:4   | Killed a death yak
  9390 | Lair:4   | Killed a death yak
  9392 | Lair:4   | Killed a death yak
  9524 | Lair:4   | Found a dark tunnel.
  9530 | Volcano  | Entered a volcano
  9546 | Volcano  | Noticed a centaur warrior
  9563 | Volcano  | Killed a centaur warrior
  9564 | Volcano  | Reached skill level 10 in Spellcasting
  9564 | Volcano  | Reached XP level 13. HP: 119/119 MP: 25/27
  9642 | Volcano  | Noticed a red draconian
  9648 | Volcano  | Killed a red draconian
  9717 | Lair:5   | Entered Level 5 of the Lair of Beasts
  9861 | Lair:5   | Reached skill level 13 in Fighting
  9957 | Lair:5   | Found a frozen archway.
  9986 | IceCv    | Entered an ice cave
 10209 | IceCv    | Noticed a reaper
 10233 | IceCv    | Killed a reaper
 10234 | IceCv    | Reached skill level 10 in Maces & Flails
 10588 | Lair:5   | Reached skill level 14 in Fighting
 10599 | Lair:5   | Got an earthy gem with 2219 turns to spare
 10601 | Lair:5   | Identified the +10 war axe of Prescription {speed, rElec
                  | rPois Int+3}
 10735 | Lair:5   | Lost mutation: You have a pair of large horns on your head.
                  | [Jiyva's grace]
 10735 | Lair:5   | Lost mutation: Your gelatinous body deflects attacks. (AC
                  | +3, EV +3) [Jiyva's grace]
 10735 | Lair:5   | Lost mutation: Your transparent skin significantly reduces
                  | your foes' accuracy. (Stealth+) [Jiyva's grace]
 10735 | Lair:5   | Lost mutation: You are covered in slimy tendrils that may
                  | disarm your opponents. [Jiyva's grace]
 10735 | Lair:5   | Gained mutation: You have sharp fingernails. [Jiyva's
                  | grace]
 10735 | Lair:5   | Gained mutation: You have very sharp fingernails. [Jiyva's
                  | grace]
 10735 | Lair:5   | Gained mutation: You have claws for hands. [Jiyva's grace]
 10735 | Lair:5   | Gained mutation: Your muscles are strong. (Str +4, Int/Dex
                  | -1) [Jiyva's grace]
 11821 | Lair:3   | Reached XP level 14. HP: 119/132 MP: 17/28
 12618 | Lair:2   | Lost mutation: You have a pair of horns on your head.
                  | [Jiyva's grace]
 12618 | Lair:2   | Lost mutation: Your pliable body absorbs attacks. (AC +2,
                  | EV +2) [Jiyva's grace]
 12618 | Lair:2   | Lost mutation: Your rubbery body absorbs attacks. (AC +1,
                  | EV +1) [Jiyva's grace]
 12618 | Lair:2   | Lost mutation: Your translucent skin reduces your foes'
                  | accuracy. (Stealth+) [Jiyva's grace]
 12618 | Lair:2   | Gained mutation: Your flesh is heat resistant. (rF+)
                  | [Jiyva's grace]
 12618 | Lair:2   | Gained mutation: Your flesh is very heat resistant. (rF++)
                  | [Jiyva's grace]
 12618 | Lair:2   | Gained mutation: Your flesh is almost immune to the effects
                  | of heat. (rF+++) [Jiyva's grace]
 12618 | Lair:2   | Gained mutation: You have supernaturally acute eyesight.
                  | (SInv) [Jiyva's grace]
 13170 | Lair:1   | Reached ****** piety under Jiyva
 13402 | Lair:1   | Identified the +1 ring mail of Haunted Fun {rC+ Regen+
                  | Str+2 Dex+2}
 13562 | Orc:1    | Killed Josephine
 13568 | Orc:1    | Killed Fannar
 13573 | Orc:1    | Found a burning altar of Makhleb.
 13644 | Orc:1    | Noticed an orc warlord
 13675 | Orc:1    | Killed an orc warlord
 13708 | Orc:1    | Noticed Maurice
 13714 | Orc:1    | Maurice stole the +7 morningstar "Awaiq" {drain, Str+4}
 13718 | Orc:1    | Killed Maurice
 13742 | Orc:1    | Found Loasaod's Armour Boutique.
 13747 | Orc:1    | Noticed an orc warlord
 13748 | Orc:1    | You are sucked into a shaft and drop 1 floor!
 13748 | Orc:2    | Entered Level 2 of the Orcish Mines
 13750 | Orc:2    | Noticed an orc warlord
 13783 | Orc:1    | Killed an orc warlord
 13849 | Orc:1    | Bought the +0 pair of fencer's gloves {Riposte Dex+3} for
                  | 600 gold pieces
 13849 | Orc:1    | Found the +0 pair of fencer's gloves {Riposte Dex+3}
 14046 | Orc:2    | Found a roughly hewn altar of Beogh.
 14075 | Orc:2    | Killed an orc warlord
 14258 | Orc:2    | Found a roughly hewn altar of Beogh.
 14288 | Orc:2    | Found a staircase to the Elven Halls.
 14298 | Orc:2    | Found a roughly hewn altar of Beogh.
 14307 | Orc:2    | Found Irea's Book Shoppe.
 14330 | Orc:2    | Noticed Saint Roka
 14355 | Orc:2    | Killed Saint Roka
 14356 | Orc:2    | Reached skill level 10 in Shields
 14403 | Orc:2    | Noticed Jorgrun
 14415 | Orc:2    | Killed Jorgrun
 14488 | Orc:2    | Lost mutation: You have claws for hands. [Jiyva's grace]
 14488 | Orc:2    | Lost mutation: You have a pair of small horns on your head.
                  | [Jiyva's grace]
 14488 | Orc:2    | Lost mutation: You have supernaturally acute eyesight.
                  | (SInv) [Jiyva's grace]
 14488 | Orc:2    | Lost mutation: Your flesh is almost immune to the effects
                  | of heat. (rF+++) [Jiyva's grace]
 14488 | Orc:2    | Gained mutation: You expend magic power (3 MP) to
                  | strengthen your wands. [Jiyva's grace]
 14488 | Orc:2    | Gained mutation: You possess an exceptional clarity of
                  | mind. [Jiyva's grace]
 14488 | Orc:2    | Gained mutation: You passively dampen the noise of your
                  | surroundings. [Jiyva's grace]
 14488 | Orc:2    | Gained mutation: You are resistant to electric shocks.
                  | (rElec) [Jiyva's grace]
 14509 | Orc:2    | Found Cokischapno's Antique Weapon Boutique.
 14515 | Orc:2    | Found a roughly hewn altar of Beogh.
 14518 | Orc:2    | Found Heyg's Antique Armour Shop.
 14523 | Orc:2    | Bought a brightly glowing leather armour for 210 gold
                  | pieces
 14523 | Orc:2    | Identified the +0 leather armour "Hero's Friend" {rF+
                  | Regen+ Str+2} (You bought it in a shop on level 2 of the
                  | Orcish Mines)
 14565 | Orc:2    | Found a roughly hewn altar of Beogh.
 14730 | Orc:2    | Found a roughly hewn altar of Beogh.
 14765 | Orc:2    | Found a roughly hewn altar of Beogh.
 14765 | Orc:2    | Found Vappuz's Jewellery Shoppe.
 14777 | Orc:2    | Reached skill level 15 in Fighting
 14809 | Orc:2    | Found a roughly hewn altar of Beogh.
 15098 | Slime:1  | Entered Level 1 of the Pits of Slime
 15098 | Slime:1  | Noticed an acid blob
 15099 | Slime:1  | Noticed an azure jelly
 15103 | Slime:1  | Noticed a rockslime
 15106 | Slime:2  | Noticed an acid blob
 15112 | Slime:3  | Noticed an acid blob
 15116 | Slime:3  | Noticed a rockslime
 15124 | Slime:4  | Noticed a rockslime
 15127 | Slime:5  | Entered Level 5 of the Pits of Slime
 15140 | Slime:5  | Noticed a quicksilver ooze
 15142 | Slime:5  | Noticed a rockslime
 15143 | Slime:5  | Noticed a rockslime
 15150 | Slime:5  | Noticed an acid blob
 15150 | Slime:5  | Noticed an acid blob
 15153 | Slime:5  | Noticed an acid blob
 15154 | Slime:5  | Noticed an acid blob
 15159 | Slime:5  | Identified the +2 helmet of the Armoured One {^Drain Regen+
                  | Int+3}
 15161 | Slime:5  | Identified the +3 longbow of Juwkiem {elec, ^Contam Int+4}
 15161 | Slime:5  | Noticed a quicksilver ooze
 15167 | Slime:5  | Noticed an acid blob
 15168 | Slime:5  | Identified the +0 falchion of Tenacity {drain, rF+}
 15169 | Slime:5  | Got a starry gem with 531 turns to spare
 15170 | Slime:5  | Noticed the Royal Jelly
 15171 | Slime:5  | Got a slimy rune of Zot
 15172 | Slime:5  | Found a viscous altar of Jiyva.
 15178 | Slime:5  | Identified the +1 mace of Earthquakes {speed, Will++}
 15179 | Slime:5  | Identified the +10 great sword "Feti" {drain, rPois rF-
                  | rCorr Dex+3}
 15194 | Slime:5  | Noticed an acid blob
 15243 | Slime:5  | Noticed an acid blob
 15259 | Slime:4  | Noticed an acid blob
 15266 | Slime:3  | Noticed a quicksilver ooze
 15272 | Slime:2  | Noticed an acid blob
 15501 | D:6      | Killed Morbidden's ghost
 15776 | D:13     | Found an opulent altar of Gozag.
 15836 | D:13     | Reached XP level 15. HP: 135/141 MP: 20/29
 15866 | D:13     | Found a gate to the Vaults.
 16357 | D:14     | Noticed Roxanne
 16377 | D:14     | Killed Roxanne
 16781 | D:14     | Found a burning altar of Makhleb.
 16947 | D:14     | Lost mutation: You possess an exceptional clarity of mind.
                  | [Jiyva's grace]
 16947 | D:14     | Lost mutation: Your flesh is very heat resistant. (rF++)
                  | [Jiyva's grace]
 16947 | D:14     | Lost mutation: You have a small jelly attached to you that
                  | senses nearby items. [Jiyva's grace]
 16947 | D:14     | Lost mutation: You passively dampen the noise of your
                  | surroundings. [Jiyva's grace]
 16947 | D:14     | Gained mutation: Your rubbery body absorbs attacks. (AC +1,
                  | EV +1) [Jiyva's grace]
 16947 | D:14     | Gained mutation: Your pliable body absorbs attacks. (AC +2,
                  | EV +2) [Jiyva's grace]
 16947 | D:14     | Gained mutation: Your gelatinous body deflects attacks. (AC
                  | +3, EV +3) [Jiyva's grace]
 16947 | D:14     | Gained mutation: Your translucent skin reduces your foes'
                  | accuracy. (Stealth+) [Jiyva's grace]
 17193 | D:15     | Entered Level 15 of the Dungeon
 17929 | D:15     | Found a staircase to the Depths.
 17947 | D:15     | Reached skill level 10 in Armour
 18329 | Swamp:1  | Entered Level 1 of the Swamp
 18402 | Swamp:1  | Identified the +0 ring mail "Bimig" {rPois SInv}
 18458 | Swamp:1  | Noticed a thorn hunter
 18482 | Swamp:1  | Killed a thorn hunter
 18649 | Swamp:3  | Noticed a fenstrider witch
 18663 | Swamp:3  | Paralysed by a fenstrider witch for 5 turns
 18673 | Swamp:3  | Paralysed by a fenstrider witch for 3 turns
 18678 | Swamp:3  | Killed a fenstrider witch
 18679 | Swamp:3  | Reached XP level 16. HP: 123/151 MP: 18/30
 18786 | Swamp:3  | Reached skill level 16 in Fighting
 18815 | Swamp:4  | Entered Level 4 of the Swamp
 18857 | Swamp:4  | Lost mutation: Your body has grown eyes which may confuse
                  | attackers. (Acc +3) [Jiyva's grace]
 18857 | Swamp:4  | Lost mutation: Your gelatinous body deflects attacks. (AC
                  | +3, EV +3) [Jiyva's grace]
 18857 | Swamp:4  | Lost mutation: Your pliable body absorbs attacks. (AC +2,
                  | EV +2) [Jiyva's grace]
 18857 | Swamp:4  | Gained mutation: You have sharp toenails. [Jiyva's grace]
 18857 | Swamp:4  | Gained mutation: You have razor-sharp toenails. [Jiyva's
                  | grace]
 18857 | Swamp:4  | Gained mutation: You have claws for feet. [Jiyva's grace]
 18857 | Swamp:4  | Gained mutation: You have a small jelly attached to you
                  | that senses nearby items. [Jiyva's grace]
 18944 | Swamp:4  | Identified a scroll of acquirement
 18954 | Swamp:4  | Acquired 961 gold pieces
 19218 | Swamp:4  | Got a mossy gem with 1031 turns to spare
 19221 | Swamp:4  | Got a decaying rune of Zot
 20308 | Swamp:2  | Paralysed by a fenstrider witch for 5 turns
 20452 | Swamp:1  | Identified the flux talisman "Nout" {rCorr Str+3}
 20738 | Spider:1 | Entered Level 1 of the Spider Nest
 20812 | Spider:1 | Lost mutation: You have a small jelly attached to you that
                  | senses nearby items. [Jiyva's grace]
 20812 | Spider:1 | Lost mutation: You expend magic power (3 MP) to strengthen
                  | your wands. [Jiyva's grace]
 20812 | Spider:1 | Gained mutation: Your melee attacks may engulf your foes in
                  | ooze. [Jiyva's grace]
 20812 | Spider:1 | Gained mutation: You are partially covered in iridescent
                  | scales. (AC +2) [Jiyva's grace]
 20812 | Spider:1 | Gained mutation: You are mostly covered in iridescent
                  | scales. (AC +4) [Jiyva's grace]
 20812 | Spider:1 | Gained mutation: You are completely covered in iridescent
                  | scales. (AC +6) [Jiyva's grace]
 21273 | Spider:2 | Reached XP level 17. HP: 159/160 MP: 22/31
 21357 | Spider:4 | Entered Level 4 of the Spider Nest
 21496 | Spider:4 | Learned a level 2 spell: Lesser Beckoning
 21570 | Spider:4 | Reached skill level 15 in Shields
 21604 | Spider:4 | Got a milky-white gem with 1623 turns to spare
 21608 | Spider:4 | Got a gossamer rune of Zot
 21619 | Spider:4 | Reached XP level 18. HP: 168/168 MP: 23/32
 21937 | Spider:4 | Reached skill level 17 in Fighting
 22556 | Spider:3 | Lost mutation: Your muscles are strong. (Str +4, Int/Dex
                  | -1) [Jiyva's grace]
 22556 | Spider:3 | Lost mutation: Your rubbery body absorbs attacks. (AC +1,
                  | EV +1) [Jiyva's grace]
 22556 | Spider:3 | Gained mutation: You have a pair of small horns on your
                  | head. [Jiyva's grace]
 22556 | Spider:3 | Gained mutation: You have a pair of horns on your head.
                  | [Jiyva's grace]
 22556 | Spider:3 | Gained mutation: You have a pair of large horns on your
                  | head. [Jiyva's grace]
 22556 | Spider:3 | Lost mutation: You have claws for feet. [Jiyva's grace]
 22556 | Spider:3 | Lost mutation: You have razor-sharp toenails. [Jiyva's
                  | grace]
 22556 | Spider:3 | Lost mutation: You have sharp toenails. [Jiyva's grace]
 22556 | Spider:3 | Gained mutation: You have large cloven feet. [Jiyva's
                  | grace]
 23355 | Spider:2 | Reached XP level 19. HP: 177/177 MP: 33/33
 23582 | Spider:1 | Noticed Asterion
 23589 | Spider:1 | Killed Asterion
 23604 | Spider:1 | Reached skill level 10 in Dodging
 24154 | Vaults:1 | Entered Level 1 of the Vaults
 24500 | Vaults:1 | Lost mutation: You are completely covered in iridescent
                  | scales. (AC +6) [Jiyva's grace]
 24500 | Vaults:1 | Lost mutation: You are resistant to electric shocks.
                  | (rElec) [Jiyva's grace]
 24500 | Vaults:1 | Lost mutation: Your translucent skin reduces your foes'
                  | accuracy. (Stealth+) [Jiyva's grace]
 24500 | Vaults:1 | Gained mutation: You are agile. (Dex +4, Str/Int -1)
                  | [Jiyva's grace]
 24500 | Vaults:1 | Gained mutation: You are very agile. (Dex +8, Str/Int -2)
                  | [Jiyva's grace]
 24500 | Vaults:1 | Gained mutation: Your muscles are strong. (Str +4, Int/Dex
                  | -1) [Jiyva's grace]
 24500 | Vaults:1 | Gained mutation: Your muscles are very strong. (Str +8,
                  | Int/Dex -2) [Jiyva's grace]
 25325 | Vaults:2 | Learned a level 3 spell: Mephitic Cloud
 25554 | Vaults:2 | Reached skill level 1 in Alchemy
 25592 | Vaults:2 | Reached skill level 1 in Air Magic
 25680 | Vaults:3 | Found a staircase to the Crypt.
 25728 | Vaults:3 | Reached skill level 18 in Fighting
 25941 | Vaults:4 | Noticed Bai Suzhen
 25962 | Vaults:4 | Killed Bai Suzhen
 25963 | Vaults:4 | Reached XP level 20. HP: 164/187 MP: 32/35
 26243 | Vaults:4 | Noticed Mennas
 26266 | Vaults:4 | Killed Mennas
 26301 | Vaults:4 | Noticed Jory
 26315 | Vaults:4 | Killed Jory
 26382 | Vaults:4 | Lost mutation: You have a pair of large horns on your head.
                  | [Jiyva's grace]
 26382 | Vaults:4 | Lost mutation: You are mostly covered in iridescent scales.
                  | (AC +4) [Jiyva's grace]
 26382 | Vaults:4 | Lost mutation: You are very agile. (Dex +8, Str/Int -2)
                  | [Jiyva's grace]
 26382 | Vaults:4 | Lost mutation: You are agile. (Dex +4, Str/Int -1) [Jiyva's
                  | grace]
 26382 | Vaults:4 | Lost mutation: You have acidic saliva. [Jiyva's grace]
 26382 | Vaults:4 | Gained mutation: Your body has grown eyes which may confuse
                  | attackers. (Acc +3) [Jiyva's grace]
 26382 | Vaults:4 | Gained mutation: Your body has grown many eyes which may
                  | confuse attackers. (Acc +5) [Jiyva's grace]
 26382 | Vaults:4 | Gained mutation: Your body is covered in eyes which may
                  | confuse attackers. (Acc +7, SInv) [Jiyva's grace]
 26382 | Vaults:4 | Gained mutation: You are agile. (Dex +4, Str/Int -1)
                  | [Jiyva's grace]
 26619 | Vaults:4 | Found a glowing golden altar of the Shining One.
 26852 | Vaults:5 | Entered Level 5 of the Vaults
 26852 | Vaults:5 | Noticed an ancient lich
 27003 | Vaults:5 | Reached skill level 1 in Evocations
 27028 | Vaults:5 | Identified the +4 scimitar "Duruoham" {freeze, rElec Will-
                  | Str+8 Int+3}
 27058 | Vaults:5 | Killed an ancient lich
 27101 | Vaults:5 | Identified the ring of the Jumping Fool {Wiz Str-3 Dex+6}
 27131 | Vaults:5 | Identified the +6 chain mail of the Desolation of Salt {rF-
                  | rC+ Int+6}
 27140 | Vaults:5 | Noticed a dread lich
 27175 | Vaults:5 | Noticed an ancient lich
 27175 | Vaults:5 | Noticed a dread lich
 27178 | Vaults:5 | Reached skill level 5 in Evocations
 27195 | Vaults:5 | Killed an ancient lich
 27196 | Vaults:5 | Reached XP level 21. HP: 176/195 MP: 26/37
 27206 | Vaults:5 | Killed a dread lich
 27260 | Vaults:5 | Noticed a dread lich
 27278 | Vaults:5 | Killed a dread lich
 27317 | Vaults:5 | Killed a dread lich
 27318 | Vaults:5 | Reached skill level 19 in Fighting
 27397 | Vaults:5 | Got a shining gem with 839 turns to spare
 27399 | Vaults:5 | Got a silver rune of Zot
 27946 | Vaults:5 | Identified the staff of Fyamiy {rElec rN+ Fire Air}
 27949 | Vaults:5 | Identified the +8 short sword "Cexuoj Suibi" {elec, +Blink
                  | rElec Str-3 Int+6}
 27966 | Vaults:5 | Identified the staff "Quofi" {rN+ Dex+5 Summ Necro}
 29006 | Vaults:3 | Lost mutation: You have a pair of horns on your head.
                  | [Jiyva's grace]
 29006 | Vaults:3 | Lost mutation: Your muscles are very strong. (Str +8,
                  | Int/Dex -2) [Jiyva's grace]
 29006 | Vaults:3 | Lost mutation: Your body is covered in eyes which may
                  | confuse attackers. (Acc +7, SInv) [Jiyva's grace]
 29006 | Vaults:3 | Gained mutation: Your movements are slightly less
                  | encumbered by armour. (ER -2) [Jiyva's grace]
 29006 | Vaults:3 | Gained mutation: Your movements are less encumbered by
                  | armour. (ER -4) [Jiyva's grace]
 29006 | Vaults:3 | Gained mutation: Your movements are significantly less
                  | encumbered by armour. (ER -6) [Jiyva's grace]
 29006 | Vaults:3 | Gained mutation: Your mind is acute. (Int +4, Str/Dex -1)
                  | [Jiyva's grace]
 29208 | Crypt:1  | Entered Level 1 of the Crypt
 29644 | Crypt:2  | You are sucked into a shaft and drop 1 floor!
 29644 | Crypt:3  | Entered Level 3 of the Crypt
 29936 | Crypt:3  | Reached XP level 22. HP: 181/206 MP: 31/40
 30025 | Crypt:3  | Found an ancient bone altar of Kikubaaqudgha.
 30027 | Crypt:3  | Found a basalt altar of Yredelemnul.
 30041 | Crypt:3  | Got an ivory gem with 1109 turns to spare
 30073 | Crypt:3  | Identified the +6 hand axe of Anleq {flame, SInv}
 30096 | Crypt:3  | Found the +13 scythe of Curses {drain, curses, ^Drain}
 30553 | Crypt:3  | Found a staircase to the Tomb.
 30563 | Crypt:3  | Reached skill level 10 in Evocations
 30719 | Crypt:2  | Identified the +3 ring mail "Yjyagru" {Harm +Inv Regen+
                  | Int+5}
 30860 | Crypt:2  | Lost mutation: You have a pair of small horns on your head.
                  | [Jiyva's grace]
 30860 | Crypt:2  | Lost mutation: You are agile. (Dex +4, Str/Int -1) [Jiyva's
                  | grace]
 30860 | Crypt:2  | Lost mutation: Your flesh is heat resistant. (rF+) [Jiyva's
                  | grace]
 30860 | Crypt:2  | Gained mutation: You expend magic power (3 MP) to
                  | strengthen your wands. [Jiyva's grace]
 30860 | Crypt:2  | Gained mutation: Your system is resistant to poisons.
                  | (rPois) [Jiyva's grace]
 30860 | Crypt:2  | Gained mutation: You are agile. (Dex +4, Str/Int -1)
                  | [Jiyva's grace]
 30860 | Crypt:2  | Gained mutation: You are very agile. (Dex +8, Str/Int -2)
                  | [Jiyva's grace]
 31686 | Crypt:1  | Learned a level 3 spell: Passwall
 31698 | Crypt:1  | Learned a level 8 spell: Ignition
 31775 | Crypt:1  | Reached skill level 1 in Fire Magic
 31811 | Crypt:1  | Reached skill level 20 in Fighting
 32267 | Vaults:1 | Identified the +5 flail "Rekkiaqe" {speed, Fly rElec Dex+3}
 32783 | Elf:1    | Entered Level 1 of the Elven Halls
 32935 | Elf:2    | Reached skill level 15 in Spellcasting
 32957 | Elf:2    | Lost mutation: Your muscles are strong. (Str +4, Int/Dex
                  | -1) [Jiyva's grace]
 32957 | Elf:2    | Lost mutation: Your body has grown many eyes which may
                  | confuse attackers. (Acc +5) [Jiyva's grace]
 32957 | Elf:2    | Lost mutation: You expend magic power (3 MP) to strengthen
                  | your wands. [Jiyva's grace]
 32957 | Elf:2    | Lost mutation: Your movements are significantly less
                  | encumbered by armour. (ER -6) [Jiyva's grace]
 32957 | Elf:2    | Lost mutation: Your melee attacks may engulf your foes in
                  | ooze. [Jiyva's grace]
 32957 | Elf:2    | Gained mutation: You are resistant to electric shocks.
                  | (rElec) [Jiyva's grace]
 32957 | Elf:2    | Gained mutation: You are covered in slimy tendrils that may
                  | disarm your opponents. [Jiyva's grace]
 32957 | Elf:2    | Gained mutation: Your rubbery body absorbs attacks. (AC +1,
                  | EV +1) [Jiyva's grace]
 32957 | Elf:2    | Gained mutation: Your pliable body absorbs attacks. (AC +2,
                  | EV +2) [Jiyva's grace]
 33030 | Elf:2    | Found Sehats's Antique Armour Shop.
 33068 | Elf:2    | Reached skill level 5 in Fire Magic
 33119 | Elf:3    | Entered Level 3 of the Elven Halls
 33313 | Elf:3    | Identified the +4 long sword of Annoyance {drain, Will-
                  | Int+5 Dex+5}
 33313 | Elf:3    | Identified the +7 ice dragon scales of Eternal Vigilance
                  | {rF- rC++ rN+ Regen+ Dex+3 Stlth-}
 33318 | Abyss:2  | Cast into level 2 of the Abyss (a deep elf sorcerer)
 33401 | Abyss:2  | Found a corrupted altar of Lugonu.
 33747 | Abyss:4  | Got an abyssal rune of Zot
 33759 | Elf:3    | Escaped the Abyss
 33773 | Elf:3    | Reached XP level 23. HP: 218/218 MP: 33/42
 33787 | Elf:3    | Identified the amulet "Keratemi" {Faith Fly rElec}
 33799 | Elf:3    | Reached skill level 21 in Fighting
 33825 | Elf:3    | Identified the +5 halberd of the Desolation of Salt {speed,
                  | rPois rCorr Str-4}
 33842 | Elf:3    | Identified the +0 triple sword "Pynguw" {venom, Dex+4}
 33842 | Elf:3    | Identified the ring of the First Bones {rElec rC+ Will-
                  | Dex+2 SInv}
 33870 | Elf:3    | Identified the amulet of Paranoia {Reflect rPois rCorr
                  | Int+3 Dex-2 SH+5}
 34029 | Elf:3    | Got a shimmering gem with 1118 turns to spare
 34377 | Elf:2    | Lost mutation: You are covered in slimy tendrils that may
                  | disarm your opponents. [Jiyva's grace]
 34377 | Elf:2    | Gained mutation: Armour fits poorly on your pseudopods.
                  | [Jiyva's grace]
 34377 | Elf:2    | Gained mutation: Armour fits poorly on your large
                  | pseudopods. [Jiyva's grace]
 34377 | Elf:2    | Gained mutation: Armour fits poorly on your massive
                  | pseudopods. [Jiyva's grace]
 34377 | Elf:2    | Gained mutation: Your body has grown many eyes which may
                  | confuse attackers. (Acc +5) [Jiyva's grace]
 34411 | Elf:2    | Found a runed translucent gate.
 34411 | Elf:2    | Found a runed translucent gate.
 34412 | Elf:2    | Found a runed translucent gate.
 34551 | Elf:2    | Reached skill level 10 in Fire Magic
 34916 | Elf:1    | Identified the +7 chain mail of Batramij {Regen+ Dex+2}
 34925 | Elf:1    | Noticed Donald
 34938 | Elf:1    | Killed Donald
 35007 | Elf:1    | Found Venwuqegump's Tremendous Tomes.
 35015 | Elf:1    | Upgraded the game from 0.32-a0-460-gc8eefc90e7 to
                  | 0.32-a0-470-g255bbe2f98
 35057 | Elf:1    | Bought the Folio of Amassed Corpses for 988 gold pieces
 35057 | Elf:1    | Bought the Atlas of the Brumal Fairies for 1118 gold pieces
 35057 | Elf:1    | Bought the Precepts of Earthen Location for 1274 gold
                  | pieces
 35487 | Elf:1    | Paralysed by an air elemental for 1 turns
 35789 | Depths:1 | Entered Level 1 of the Depths
 35836 | Depths:1 | Found a gateway to Hell.
 35839 | Depths:1 | Found Kuateinu's Weapon Boutique.
 35906 | Depths:1 | Found a one-way gate to the infinite horrors of the Abyss.
 35986 | Depths:3 | Found a sacrificial altar of Ru.
 36027 | Depths:3 | Lost mutation: You have very sharp fingernails. [Jiyva's
                  | grace]
 36027 | Depths:3 | Lost mutation: You have sharp fingernails. [Jiyva's grace]
 36027 | Depths:3 | Lost mutation: You have large cloven feet. [Jiyva's grace]
 36027 | Depths:3 | Lost mutation: You are very agile. (Dex +8, Str/Int -2)
                  | [Jiyva's grace]
 36027 | Depths:3 | Lost mutation: You are agile. (Dex +4, Str/Int -1) [Jiyva's
                  | grace]
 36027 | Depths:3 | Lost mutation: You are resistant to electric shocks.
                  | (rElec) [Jiyva's grace]
 36027 | Depths:3 | Lost mutation: Your pliable body absorbs attacks. (AC +2,
                  | EV +2) [Jiyva's grace]
 36027 | Depths:3 | Lost mutation: You have a small jelly attached to you that
                  | may absorb projectiles. [Jiyva's grace]
 36027 | Depths:3 | Gained mutation: You possess an exceptional clarity of
                  | mind. [Jiyva's grace]
 36027 | Depths:3 | Gained mutation: Your pliable body absorbs attacks. (AC +2,
                  | EV +2) [Jiyva's grace]
 36027 | Depths:3 | Gained mutation: Your gelatinous body deflects attacks. (AC
                  | +3, EV +3) [Jiyva's grace]
 36027 | Depths:3 | Gained mutation: You have large cloven feet. [Jiyva's
                  | grace]
 36090 | Depths:4 | Entered Level 4 of the Depths
 36091 | Depths:4 | Noticed Margery
 36215 | Depths:3 | Found a one-way gateway to a ziggurat.
 36238 | Depths:3 | Reached skill level 15 in Armour
 36255 | Depths:3 | Reached skill level 22 in Fighting
 36406 | Depths:3 | Found a one-way gate leading to the halls of Pandemonium.
 36526 | Depths:3 | Found a runed translucent door.
 36665 | Depths:4 | Noticed a juggernaut
 36682 | Depths:4 | Noticed a juggernaut
 36686 | Depths:4 | Killed a juggernaut
 36704 | Depths:4 | Killed a juggernaut
 36722 | Depths:4 | Slimified Margery
 36722 | Depths:4 | Margery changed into Margery the acid blob
 36722 | Depths:4 | Noticed Margery
 36729 | Depths:4 | Killed Margery the acid blob
 36903 | Depths:4 | Reached XP level 24. HP: 166/232 MP: 28/43
 37215 | Depths:4 | Found a gate to the Realm of Zot.
 37231 | Depths:4 | Got a midnight gem with 1745 turns to spare
 37688 | Zig:1    | Entered Level 1 of a ziggurat
 37713 | Zig:2    | Entered Level 2 of a ziggurat
 37728 | Zig:3    | Entered Level 3 of a ziggurat
 37759 | Zig:4    | Entered Level 4 of a ziggurat
 37761 | Zig:4    | Noticed a dread lich
 37768 | Zig:4    | Slimified a dread lich
 37768 | Zig:4    | a dread lich changed into an acid blob
 37779 | Zig:4    | Got Sif Muna's Octavo of the Frostbound Cucurbite
 37797 | Zig:5    | Entered Level 5 of a ziggurat
 37947 | Depths:3 | Lost mutation: You have large cloven feet. [Jiyva's grace]
 37947 | Depths:3 | Lost mutation: You are partially covered in iridescent
                  | scales. (AC +2) [Jiyva's grace]
 37947 | Depths:3 | Lost mutation: Your body has grown many eyes which may
                  | confuse attackers. (Acc +5) [Jiyva's grace]
 37947 | Depths:3 | Lost mutation: Your gelatinous body deflects attacks. (AC
                  | +3, EV +3) [Jiyva's grace]
 37947 | Depths:3 | Lost mutation: Your movements are less encumbered by
                  | armour. (ER -4) [Jiyva's grace]
 37947 | Depths:3 | Gained mutation: Your body has grown many eyes which may
                  | confuse attackers. (Acc +5) [Jiyva's grace]
 37947 | Depths:3 | Gained mutation: Your body is covered in eyes which may
                  | confuse attackers. (Acc +7, SInv) [Jiyva's grace]
 37947 | Depths:3 | Gained mutation: Your flesh is cold resistant. (rC+)
                  | [Jiyva's grace]
 37947 | Depths:3 | Gained mutation: Your flesh is very cold resistant. (rC++)
                  | [Jiyva's grace]
 37990 | Depths:3 | Found the +7 hand cannon "Mule" {flame, backblast, rF+}
 38449 | Depths:3 | Found a runed translucent door.
 38449 | Depths:3 | Noticed a shard shrike
 38449 | Depths:3 | Noticed a shard shrike
 38449 | Depths:3 | Noticed a shard shrike
 38449 | Depths:3 | Noticed a shard shrike
 38454 | Depths:3 | Killed a shard shrike
 38457 | Depths:3 | Killed a shard shrike
 38463 | Depths:3 | Killed a shard shrike
 38464 | Depths:3 | Killed a shard shrike
 38582 | Depths:3 | Got the Anthology of Hypothermia
 38587 | Depths:3 | Got Pupp's Catalogue of Causimancy
 38589 | Depths:3 | Got the Encyclopedia of the Fjord
 38594 | Depths:3 | Identified the ring of Mijytyom {Ice Str+6 Dex+3 SInv}
 38596 | Depths:3 | Got the Essays on Clouds
 39190 | Depths:2 | Found a large runed translucent door.
 39190 | Depths:2 | Found a large runed translucent door.
 39239 | Depths:2 | Paralysed by a sphinx for 5 turns
 39258 | Depths:2 | Paralysed by a sphinx for 3 turns
 39439 | Depths:2 | Reached skill level 15 in Fire Magic
 39641 | Depths:2 | Found Big Baal Hell's Store.
 39939 | Depths:1 | Reached XP level 25. HP: 179/240 MP: 36/45
 40039 | Depths:1 | You are sucked into a shaft and drop 1 floor!
 40442 | Depths:1 | Found a blossoming altar of Fedhas.
 40661 | Zot:1    | Entered Level 1 of the Realm of Zot
 40661 | Zot:1    | Found a hide-covered altar of Uskayaw.
 41090 | Zot:1    | Lost mutation: Armour fits poorly on your massive
                  | pseudopods. [Jiyva's grace]
 41090 | Zot:1    | Lost mutation: Armour fits poorly on your large pseudopods.
                  | [Jiyva's grace]
 41090 | Zot:1    | Lost mutation: Your movements are slightly less encumbered
                  | by armour. (ER -2) [Jiyva's grace]
 41090 | Zot:1    | Gained mutation: You have a pair of small antennae on your
                  | head. [Jiyva's grace]
 41090 | Zot:1    | Gained mutation: You have a pair of antennae on your head.
                  | [Jiyva's grace]
 41090 | Zot:1    | Gained mutation: You have a pair of large antennae on your
                  | head. (SInv) [Jiyva's grace]
 41090 | Zot:1    | Gained mutation: Your translucent skin reduces your foes'
                  | accuracy. (Stealth+) [Jiyva's grace]
 41111 | Zot:1    | You are sucked into a shaft and drop 1 floor!
 42379 | Zot:2    | Learned a level 6 spell: Plasma Beam
 43471 | Zot:3    | Lost mutation: You possess an exceptional clarity of mind.
                  | [Jiyva's grace]
 43471 | Zot:3    | Lost mutation: Your flesh is very cold resistant. (rC++)
                  | [Jiyva's grace]
 43471 | Zot:3    | Lost mutation: Your pliable body absorbs attacks. (AC +2,
                  | EV +2) [Jiyva's grace]
 43471 | Zot:3    | Lost mutation: Your rubbery body absorbs attacks. (AC +1,
                  | EV +1) [Jiyva's grace]
 43471 | Zot:3    | Gained mutation: You are partially covered in iridescent
                  | scales. (AC +2) [Jiyva's grace]
 43471 | Zot:3    | Gained mutation: You are mostly covered in iridescent
                  | scales. (AC +4) [Jiyva's grace]
 43471 | Zot:3    | Gained mutation: You are completely covered in iridescent
                  | scales. (AC +6) [Jiyva's grace]
 43471 | Zot:3    | Gained mutation: Your flesh is heat resistant. (rF+)
                  | [Jiyva's grace]
 43495 | Zot:3    | Reached skill level 5 in Air Magic
 43597 | Zot:3    | Noticed a Killer Klown
 43622 | Zot:3    | Gained mutation: You are frail. (-10% HP) [mutagenic glow]
 43630 | Zot:3    | Killed a Killer Klown
 43692 | Zot:3    | Acquired 976 gold pieces
 43830 | Zot:3    | Found a runed translucent door.
 43830 | Zot:3    | Noticed Anuegiwi's ghost (veteran AtFi)
 43903 | Zot:3    | Killed Anuegiwi's ghost
 43904 | Zot:3    | Reached XP level 26. HP: 160/224 MP: 46/46
 44823 | Zot:5    | Entered Level 5 of the Realm of Zot
 44837 | Zot:5    | Found a transporter.
 44841 | Zot:5    | Found a transporter.
 45005 | Zot:5    | Found a transporter.
 45007 | Zot:5    | Found a transporter.
 45132 | Zot:5    | Lost mutation: You have a pair of large antennae on your
                  | head. (SInv) [Jiyva's grace]
 45132 | Zot:5    | Lost mutation: You have a pair of antennae on your head.
                  | [Jiyva's grace]
 45132 | Zot:5    | Lost mutation: You are completely covered in iridescent
                  | scales. (AC +6) [Jiyva's grace]
 45132 | Zot:5    | Lost mutation: Your mind is acute. (Int +4, Str/Dex -1)
                  | [Jiyva's grace]
 45132 | Zot:5    | Lost mutation: Your flesh is heat resistant. (rF+) [Jiyva's
                  | grace]
 45132 | Zot:5    | Lost mutation: Armour fits poorly on your pseudopods.
                  | [Jiyva's grace]
 45132 | Zot:5    | Lost mutation: Your translucent skin reduces your foes'
                  | accuracy. (Stealth+) [Jiyva's grace]
 45132 | Zot:5    | Gained mutation: You have a small jelly attached to you
                  | that may absorb projectiles. [Jiyva's grace]
 45132 | Zot:5    | Gained mutation: Your flesh is heat resistant. (rF+)
                  | [Jiyva's grace]
 45132 | Zot:5    | Gained mutation: Your flesh is very heat resistant. (rF++)
                  | [Jiyva's grace]
 45132 | Zot:5    | Gained mutation: Your flesh is almost immune to the effects
                  | of heat. (rF+++) [Jiyva's grace]
 45229 | Zot:5    | Learned a level 8 spell: Maxwell's Capacitive Coupling
 45265 | Zot:5    | Noticed a dread lich
 45272 | Zot:5    | Noticed an orb of fire
 45291 | Zot:5    | Killed a dread lich
 45295 | Zot:5    | Noticed an ancient lich
 45300 | Zot:5    | Noticed an orb of fire
 45303 | Zot:5    | Noticed an orb of fire
 45316 | Zot:5    | Noticed an orb of fire
 45358 | Zot:5    | Noticed an ancient lich
 45366 | Zot:5    | Killed an ancient lich
 45367 | Zot:5    | Reached skill level 10 in Air Magic
 45742 | Zot:5    | Noticed an ancient lich
 45768 | Zot:5    | Killed an ancient lich
 45949 | Zot:5    | Got the Orb of Zot
 46061 | Zot:4    | Noticed Jiroprig the pandemonium lord
 46162 | Depths:3 | Noticed Doebaschi the pandemonium lord
 46180 | Depths:3 | Noticed Otakuot the pandemonium lord
 46602 | D:1      | Noticed Xeloyf the pandemonium lord
 46613 | D:1      | Killed Xeloyf the pandemonium lord
 46646 | D:$      | Escaped with the Orb!

Illustrated notes

Levels and vault maps discovered:
D:1:      erik_arrival_cave_to_civilisation [erik_arrival_cave_to_temple],
          layout_loops_ring, minmay_heptomino_w4
D:2:      layout_rooms, nicolae_shop_vocational
D:3:      layout_loops_ring, okawaru_ov_weapons_minmay, lemuel_doored_altar,
          nicolae_overflow_squiral, uniq_robin
D:4:      layout_basic
D:5:      layout_cave_pods, kennysheep_vampire_church, xom_confusion_cloud,
          mainiacjoe_overflow_big_doors, serial_bayou_lagoon_b, uniq_duvessa,
          uniq_ijyb
D:6:      layout_layer_cave, gammafunk_ghost_arena, kennysheep_small_square
D:7:      layout_cave_pools, minmay_temple_entry_trees, uniq_joseph
D:8:      layout_loops_corners, grunt_temple_overflow_lords_of_destruction,
          small_chamber_with_monster, roderic_lattice_a
D:9:      layout_loops_ring, nicolae_overflow_hidden_temple, lair_entry_dummy,
          amcnicky_mini_corridor_feature, uniq_pikel
D:10:     layout_big_octagon, enter_bailey_7
D:11:     layout_grid_maze, nicolae_elevator_lobby_plus
D:12:     layout_loops_ring, minmay_orc_entry_guard_dogs
D:13:     layout_irregular_city, skrybe_vaults_entry_preservation,
          grunt_gozag_breadcrumbs
D:14:     layout_roguey, nicolae_sextant, kennysheep_decorative_pillar,
          nicolae_nh_vlads_tower, uniq_roxanne
D:15:     grunt_enter_depths_hoard, layout_cave_pods
Temple:   jpeg_temple_clearing
Lair:1:   layout_misc_corridors
Lair:2:   layout_layer_cave, minivault_11
Lair:3:   layout_long_grid, mainiacjoe_swamp_entry_lozenge_pond,
          spider_nest_entry_web_field, st_stairs_8, beast_lair_carwin_10,
          infiniplex_staircase_pool
Lair:4:   layout_cave_pods, slime_entry_1, enter_volcano_2, grunt_megastairs_5
Lair:5:   minmay_lair_end_enchanted_forest, layout_regular_city,
          portal_ice_cave_demonic_guard, patterned_corridor,
          serial_bayou_shore_a
Swamp:1:  layout_falls_marsh, hangedman_swamp_ruin_hall, swamp_pool_5
Swamp:2:  layout_basic_swamp, serial_swamp_ruin, evilmike_swamp_ruin_rubble_2,
          evilmike_swamp_ruin_rubble_1
Swamp:3:  layout_basic_swamp, evilmike_swamp_ruin_house_1,
          nicolae_swamp_very_dense_foliage, swamp_pool_5,
          infiniplex_staircase_pool_2, nicolae_swamp_long_stream
Swamp:4:  swamp_icy, layout_basic_swamp
Spider:1: layout_spider_delve, uniq_asterion
Spider:2: layout_chambers, hangedman_spider_tarantella_strand
Spider:3: layout_spider_delve, nicolae_crawler_farm
Spider:4: grunt_spider_rune_island
Slime:1:  layout_caves, basic_altar
Slime:2:  layout_caves
Slime:3:  layout_caves
Slime:4:  layout_caves
Slime:5:  slime_pit_nicolae_amoeboid
Orc:1:    layout_diamond_mine, serial_shops, nicolae_shop_mannequins,
          basic_altar, uniq_erica, uniq_josephine, uniq_fannar, uniq_maurice
Orc:2:    grunt_orc_community_town_hall, layout_diamond_mine,
          grunt_orc_community_big_house_2, grunt_orc_community_big_house_1,
          grunt_orc_community_house_2, grunt_orc_community_house_1,
          grunt_orc_community_house_2, grunt_orc_community_house_2,
          grunt_orc_community_house_3, grunt_orc_community_house_3, uniq_jorgrun
Elf:1:    elf_arrival_001, layout_geoelf_octagon, nicolae_elf_blasts_and_bolts,
          nicolae_shop_i_like_big_books, uniq_donald
Elf:2:    nicolae_elf_blades_splatter_lattice
          [nicolae_blade_entry_crossed_weapons], layout_geoelf_octagon,
          serial_shops, nicolae_diamond_shop, serial_sigils_hangedman_snap
Elf:3:    nooodl_elf_gasket, layout_rooms
Vaults:1: nicolae_vaults_offset_grid_hallway_2, v_misc_10,
          hangedman_vaults_nails, nicolae_vaults_turnstiles,
          vaults_room_large_hall, v_pattern_2, nicolae_vaults_disjoint_gnomons,
          nicolae_vaults_shelves_hall, nicolae_vaults_six-pack,
          nicolae_vaults_diffraction_hallways, layout_vaults_omnibox
Vaults:2: v_misc_5, v_misc_15, nicolae_vaults_ninety_degrees,
          vaults_standard_mumra_enter_the_diamond,
          nicolae_vaults_shipping_containers_5, vaults_room_pools,
          grunt_vaults_hallway_long, nicolae_vaults_little_squares_6,
          nicolae_vaults_network_square, vaults_room_ringed_pool,
          nicolae_vaults_closet_pinwheel_4, nicolae_vaults_triangles,
          nicolae_vaults_little_squares_1, nicolae_vaults_shelves_hall,
          hangedman_vaults_impose, layout_vaults_maze_bifur
Vaults:3: nicolae_vaults_specimen_jars, v_pattern_3, vaults_dpeg_cross,
          ontoclasm_vaults_misaligned, nicolae_vaults_octothorpe, serial_ice_g,
          nicolae_vaults_tetromino_T_1, layout_vaults_omnigrid,
          minmay_crypt_entry_simple_plaza
Vaults:4: vaults_room_corners, hangedman_vaults_hard_town_square,
          nicolae_vaults_puzzle_piece, nicolae_vaults_little_squares_4,
          v_misc_15, lemuel_angel_altar, vaults_mumra_minichess,
          vaults_room_pools, nicolae_vaults_rhombus_7, nicolae_vaults_prndl,
          vaults_dpeg_encased_lava, nicolae_vaults_closet_pinwheel_5,
          layout_vaults_omnicross, uniq_bai_suzhen, uniq_jory, uniq_mennas
Vaults:5
Crypt:1:  layout_misc_corridors
Crypt:2:  layout_catacombs
Crypt:3:  lightli_unholy_cathedral, layout_chaotic_city,
          nicolae_tomb_entry_grand_gallery, nicolae_crypt_lounge_for_the_living
Depths:1: layout_gridlike, rand_demon_pan_entry_3, hell_entry, serial_shops,
          nicolae_shop_tiny_statue_garden, abyss_entry_glasseish,
          hangedman_decor_peaks_small, fedhas_altar_3
Depths:2: lightli_eight_chambers, layout_gridlike, kennysheep_donut,
          nicolae_hell_entry_big_baal_hell, pan_entry
Depths:3: mu_elemental_laboratory, layout_basic, enter_ziggurat_f, hell_entry,
          nicolae_ru_sacrificial_ziggurat, grunt_pan_entry_zigzag, abyss_entry,
          chequers_serial_rivers_room_a
Depths:4: grunt_zot_entry_hairpin, layout_cave_pools, hell_entry, serial_bayou,
          serial_bayou_pond_b, serial_bayou_pond_c, serial_bayou_pond_d,
          serial_bayou_lagoon_a, abyss_entry, uniq_margery
Zot:1:    hangedman_orp_of_zott, layout_gridville, regret_index_zotdec_icy_dp,
          regret_index_zotdec_tunneler, st_stairs_14, grunt_ministairs_15
Zot:2:    layout_concentric_octagons, hangedman_zot_decor_unnerving_road,
          nicolae_lava_and_water
Zot:3:    layout_gridville, hellmonk_ghost_happy_afterlife,
          nicolae_zot_crop_circle
Zot:4:    layout_gridlike, grunt_megastairs_3
Zot:5:    layout_gridlike, nicolae_diode_intersection

Skill      XL: |  1  2  3  4  5  6  7  8  9 10 11 12 13 14 15 16 17 18 19 20 21 22 23 24 25 26 |
---------------+-------------------------------------------------------------------------------+-----
Maces & Flails | 3 5 7 11 | 11.1
Fighting       | 4 5 6 8 9 11 12 14 15 16 17 18 19 20 22 | 22.9
Axes           | 1 2 3 4 5 7 9 10 11 14 | 14.8
Shields        | 4 5 7 10 12 14 16 17 18 19 20 21 | 21.1
Armour         | 4 5 6 7 8 9 10 12 13 14 15 16 | 16.3
Dodging        | 1 2 3 4 5 6 8 9 10 | 10.0
Spellcasting   | 4 10 11 12 14 15 16 18 19 21 | 21.2
Alchemy        | 3 4 |  4.8
Air Magic      | 2 4 6 12 | 12.5
Evocations     | 5 9 10 | 10.5
Fire Magic     | 7 11 15 19 | 19.4

Action                     |  1- 3 |  4- 6 |  7- 9 | 10-12 | 13-15 | 16-18 | 19-21 | 22-24 | 25-27 || total
---------------------------+-------+-------+-------+-------+-------+-------+-------+-------+-------++-------
  Melee: Flail             |    35 |       |       |       |       |       |       |       |       ||    35
         War axe           |    39 |   140 |   189 |    59 |   646 |   780 |  1153 |  2101 |  1289 ||  6396
         Headbutt          |       |       |    22 |    32 |   136 |    15 |   508 |    83 |       ||   796
         Bite              |       |       |     7 |    39 |   157 |   160 |    98 |       |       ||   461
         Morningstar       |       |       |       |   272 |   360 |    11 |       |       |       ||   643
         Kick              |       |       |       |       |       |   395 |    46 |       |       ||   441
         Pseudopods        |       |       |       |       |       |       |       |   541 |   480 ||  1021
  Throw: Dart              |       |     3 |     2 |     5 |       |       |     1 |       |       ||    11
         Throwing net      |       |       |       |       |       |       |     3 |     1 |       ||     4
   Cast: Lesser Beckoning  |       |       |       |       |       |       |    11 |    21 |     8 ||    40
         Passwall          |       |       |       |       |       |       |       |     5 |       ||     5
         Ignition          |       |       |       |       |       |       |       |       |    51 ||    51
         Plasma Beam       |       |       |       |       |       |       |       |       |     3 ||     3
 Invoke: Oozemancy         |       |       |     4 |    11 |    13 |     1 |    14 |    14 |     7 ||    64
         Slimify           |       |       |       |       |       |       |       |     2 |     1 ||     3
  Evoke: Wand              |       |     3 |    16 |    11 |     9 |       |     3 |       |     3 ||    45
         Condenser vane    |       |       |       |       |     2 |     2 |     2 |     3 |       ||     9
         Box of beasts     |       |       |       |       |       |       |     2 |       |       ||     2
         Lightning rod     |       |       |       |       |       |       |       |     1 |       ||     1
         Phantom mirror    |       |       |       |       |       |       |       |     1 |       ||     1
    Use: Scroll            |     4 |     8 |     4 |    10 |     7 |     5 |    15 |    11 |     7 ||    71
         Potion            |     1 |     6 |     3 |     3 |     7 |     4 |    11 |     7 |     4 ||    46
   Stab: Distracted        |       |     1 |       |       |     3 |       |     1 |     5 |     1 ||    11
         Invisible         |       |     4 |       |       |       |    10 |       |    15 |       ||    29
         Confused          |       |       |     1 |     1 |    15 |     1 |    17 |    61 |    39 ||   135
         Sleeping          |       |       |       |     2 |    11 |     5 |     5 |    23 |     2 ||    48
         Held in net/web   |       |       |       |       |       |     1 |       |     1 |       ||     2
         Petrified         |       |       |       |       |       |       |       |     8 |       ||     8
 Armour: Scale mail        |    53 |   109 |   163 |       |       |       |       |       |       ||   325
         Steam dragon scal |       |       |    15 |       |       |       |       |       |       ||    15
         Troll leather arm |       |       |     9 |   222 |   200 |       |       |       |       ||   431
         Ring mail         |       |       |       |       |   288 |   370 |   430 |   673 |   426 ||  2187
  Dodge: Dodged            |    29 |    65 |    92 |   275 |   384 |   264 |   258 |   605 |   205 ||  2177
  Block: Buckler           |    15 |    31 |    44 |    72 |    26 |       |       |       |       ||   188
         Tower shield      |       |       |       |       |   561 |   675 |   740 |  1378 |  1001 ||  4355
         Reflection        |       |       |       |       |       |       |       |       |    11 ||    11
Riposte: War axe           |       |       |       |       |    57 |   257 |   258 |   486 |   366 ||  1424
         Morningstar       |       |       |       |       |    35 |     8 |       |       |       ||    43

Table legend: (Time is in decaauts)
 A = Elapsed time spent in this place.
 B = Non-inter-level travel time spent in this place.
 C = Inter-level travel time spent in this place.
 D = Time resting spent in this place.
 E = Time spent auto-exploring this place.
 F = Levels seen in this place.
 G = Mean time per level.
                   A        B        C        D        E       F      G
               +--------+--------+--------+--------+--------+-----+--------+
         Total |  44144 |  39852 |   4292 |    605 |  20169 |  67 |  658.9 |
       Dungeon |  12217 |  10290 |   1927 |    177 |   5370 |  15 |  814.5 |
        Temple |     24 |     24 |      0 |     18 |      0 |   1 |   24.0 |
          Lair |   4792 |   4224 |    568 |      0 |   2247 |   5 |  958.4 |
         Swamp |   2184 |   2082 |    102 |      0 |   1087 |   4 |  546.0 |
   Spider Nest |   2976 |   2747 |    229 |      6 |   1362 |   4 |  744.0 |
    Slime Pits |    187 |    136 |     51 |      0 |      0 |   5 |   37.4 |
  Orcish Mines |   1393 |   1252 |    141 |      0 |    796 |   2 |  696.5 |
   Elven Halls |   2168 |   2088 |     80 |      4 |    895 |   3 |  722.7 |
        Vaults |   5149 |   4637 |    512 |     23 |   2975 |   5 | 1029.8 |
         Crypt |   2592 |   2424 |    168 |     16 |    770 |   3 |  864.0 |
        Depths |   4380 |   4012 |    368 |    237 |   1839 |   4 | 1095.0 |
           Zot |   4927 |   4786 |    141 |     95 |   2753 |   5 |  985.4 |
         Abyss |    384 |    384 |      0 |      0 |     74 |   3 |  128.0 |
      Ziggurat |    145 |    145 |      0 |      8 |      0 |   5 |   29.0 |
        Bailey |    151 |    151 |      0 |      0 |      0 |   1 |  151.0 |
      Ice Cave |    326 |    326 |      0 |     21 |      0 |   1 |  326.0 |
       Volcano |    141 |    141 |      0 |      0 |      0 |   1 |  141.0 |
               +--------+--------+--------+--------+--------+-----+--------+

Top non-repeatable levels by time:
Depths:3: 1616 daAuts
     D:6: 1347 daAuts
Vaults:5: 1326 daAuts
   Zot:1: 1280 daAuts
     D:1: 1207 daAuts
   Zot:2: 1197 daAuts
  Lair:5: 1163 daAuts
  Lair:3: 1131 daAuts
 Crypt:2: 1104 daAuts
Depths:2: 1092 daAuts
Vaults:1: 1067 daAuts
  Lair:4: 1066 daAuts
Vaults:4: 1063 daAuts
     D:8: 1059 daAuts
Spider:2: 1056 daAuts
